 Dungeon Crawl Stone Soup version 0.19.0-18-g426998a (webtiles) character file.

34493 Chiseanne the Covert (level 13, -1/93 HPs)
             Began as a Demonspawn Hunter on Nov 11, 2016.
             Was an Initiate of Gozag.
             Slain by an elephant (3 damage)
             ... on level 6 of the Lair of Beasts.
             The game lasted 01:39:29 (23378 turns).

Chiseanne the Covert (Demonspawn Hunter)           Turns: 23378, Time: 01:39:30

Health: -1/93      AC: 10    Str: 17    XL:     13   Next: 42%
Magic:  0/16       EV: 25    Int: 16    God:    Gozag
Gold:   467        SH:  0    Dex: 18    Spells: 4 memorised, 20 levels left

rFire  + + .     SeeInvis +     a - +5 dagger (drain)
rCold  . . .     Gourm    .     H - +2 robe of Hepliaklqana's Delight {rF++ MP-9 Str+4}
rNeg   + . .     Faith    .     (no shield)
rPois  .         Spirit   .     n - +2 helmet {Int+3}
rElec  .         Reflect  .     K - +0 cloak {+Inv}
rCorr  .         Harm     .     Y - +0 pair of gloves
MR     .....                    J - +0 pair of boots {Stlth+}
Stlth  +++++++...               (no amulet)
                                o - ring of positive energy
                                k - ring of see invisible

@: repel missiles
A: talons 2, repulsion field 3, nightstalker 1, powered by death 1
a: Potion Petition, Call Merchant, Bribe Branch, Renounce Religion, Evoke
Invisibility


You were on level 6 of the Lair of Beasts.
You worshipped Gozag.
Gozag was aware of your devotion.
You were not hungry.

You visited 3 branches of the dungeon, and saw 18 of its levels.

You collected 3835 gold pieces.
You spent 1538 gold pieces at shops.
You paid 1830 gold pieces to Gozag.

Inventory:

Hand Weapons
 a - a +5 dagger of draining (weapon)
 e - a +0 hunting sling
 s - a +2 flail of freezing
Missiles
 c - 13 javelins (quivered)
 d - 73 poisoned needles
 t - 137 bolts
 w - 15 tomahawks
 x - 65 sling bullets
 y - 278 arrows
 W - 4 needles of confusion
Armour
 n - a +2 helmet of intelligence (worn)
 H - the +2 robe of Hepliaklqana's Delight (worn) {rF++ MP-9 Str+4}
   (You bought it in a shop on level 9 of the Dungeon)

   It affects your strength (+4).
   It greatly protects you from fire.
   It affects your magic capacity (-9).
 J - a +0 pair of boots of stealth (worn)
 K - a +0 cloak of invisibility (worn)
 Y - a +0 pair of gloves (worn)
Jewellery
 b - an uncursed ring of resist corrosion
 k - a ring of see invisible (left hand)
 o - a ring of positive energy (right hand)
 z - an uncursed ring of ice
 U - an uncursed ring of wizardry
Wands
 g - a wand of iceblast (2/15)
 h - a wand of slowing (6/48)
 j - a wand of confusion (15/48)
 r - a wand of disintegration (0/24)
 D - a wand of hasting (0/9)
 E - a wand of digging (1/24)
 L - a wand of confusion (10/48)
 P - a wand of paralysis (13/24)
 Z - a wand of confusion (26/48)
Scrolls
 f - 4 scrolls of immolation
 i - 3 scrolls of remove curse
 F - 7 scrolls of identify
 G - a scroll of amnesia
 M - a scroll of blinking
 N - a scroll of fear
 Q - a scroll of fog
Potions
 l - 3 potions of brilliance
 v - a potion of ambrosia
 A - a potion of haste {unknown}
 I - 2 potions of curing
 R - a potion of flight
Books
 m - a book of Minor Magic

   Spells                             Type                      Level
   a - Magic Dart                     Conjuration                  1
   b - Blink                          Translocation                2
   c - Call Imp                       Summoning                    2
   d - Repel Missiles                 Charms/Air                   2
   e - Slow                           Hexes                        2
   f - Conjure Flame                  Conjuration/Fire             3
   g - Mephitic Cloud                 Conjuration/Poison/Air       3
 q - a book of Misfortune

   Spells                             Type                      Level
   a - Confusing Touch                Hexes                        1
   b - Confuse                        Hexes                        3
   c - Gell's Gravitas                Hexes/Translocation          3
   d - Petrify                        Transmutation/Earth          4
   e - Metabolic Englaciation         Hexes/Ice                    5
   f - Yara's Violent Unravelling     Hexes/Transmutation          5
Miscellaneous
 S - a disc of storms
Comestibles
 p - 4 meat rations
 u - 3 bread rations


   Skills:
 - Level 6.0 Fighting
 - Level 6.2 Short Blades
 - Level 3.6 Throwing
 * Level 10.8 Dodging
 * Level 12.0 Stealth
 * Level 8.7 Spellcasting
 * Level 7.0 Hexes
 - Level 3.0 Charms
 - Level 4.8 Translocations
 * Level 2.1 Evocations


You had 20 spell levels left.
You knew the following spells:

 Your Spells              Type           Power        Failure   Level  Hunger
a - Blink                 Tloc           N/A          1%          2    None
b - Confuse               Hex            ####....     1%          3    #......
c - Slow                  Hex            ####....     1%          2    None
d - Swiftness             Chrm/Air       ##......     10%         2    None


Dungeon Overview and Level Annotations

Branches:
Dungeon (11/15)            Temple (1/1) D:4            Lair (6/6) D:9
  Snake (0/4) Lair:3        Slime (0/5) Lair:6
  Swamp: Lair:2-4    Shoals: Lair:2-4       Orc: D:9-12

Altars:
Ashenzari
Cheibriados
Dithmenos
Elyvilon
Fedhas
Gozag
Hepliaklqana
Kikubaaqudgha
Makhleb
Nemelex Xobeh
Okawaru
Ru
Sif Muna
Trog
Vehumet
Xom
Zin
The Shining One
Jiyva

Shops:
D:8 ?   D:9 [   D:10 [

Annotations:
D:4 HopefulHyena's ghost, amateur OpWn
D:7 exclusion: statue
Lair:5 Josephine
Lair:6 1 runed door


Innate Abilities, Weirdness & Mutations

You have razor-sharp toenails.
You are surrounded by a strong repulsion field. (EV +4, RMsl)
You are slightly more attuned to the shadows.
You regenerate a little health from kills.


Message History

* * * LOW HITPOINT WARNING * * *
The five-headed hydra bites you but does no damage.
The five-headed hydra closely misses you.
The five-headed hydra bites you!
* * * LOW HITPOINT WARNING * * *
The five-headed hydra completely misses you.
The five-headed hydra bites you.
* * * LOW HITPOINT WARNING * * *
The five-headed hydra completely misses you. x3
The five-headed hydra bites you!
* * * LOW HITPOINT WARNING * * *
Something tramples the fungus!
Something trunk-slaps the fungus.
The elephant tramples the fungus.
The elephant trunk-slaps the fungus.
Something tramples the fungus.
Something trunk-slaps the fungus.
Something tramples the fungus.
Something trunk-slaps the fungus.
Casting: Blink
Confirm with . or Enter, or press ? or * to list all spells.
You blink.
The elephant tramples you.
You die...
Your body crumbles into a pile of gold.

### ## ###
###########.##
##.##PP###.....#..P..##
...PP.P................
..P....................
..#...+ยง...........#PP.
#.....#.##..###.PP###.
#.#.PD.###Y.P$##.P##..
#...@####.P.......#..
##...YY##........#...
#...+Y.'.......
##..#####+###.# #...
#._.# #. ..... #..J#
...##.#.>.# .... .#####


You could see a five-headed hydra and 3 elephants.

Vanquished Creatures
  Snorg (D:11)
  A catoblepas (Lair:3)
  7 hydras
  Nergalle (Lair:4)
  5 hill giants
  Pikel (D:9)
  An oklob plant (Lair:5)
  An elephant (Lair:6)
  Joseph (D:7)
  2 torpor snails (Lair:1)
  2 black mambas
  3 komodo dragons
  6 spiny frogs
  A rime drake (Lair:1)
  2 trolls
  2 two-headed ogres (D:9)
  Prince Ribbit (D:9)
  8 hippogriffs
  9 blink frogs
  4 slime creatures
  Sigmund (D:4)
  A spriggan (D:8)
  7 wyverns
  2 basilisks
  18 yaks
  13 water moccasins
  8 porcupines
  3 orc warriors
  4 sky beasts
  6 ice beasts
  A slave (D:9)
  A black bear (D:8)
  18 wolves
  7 ogres
  5 centaurs
  5 crocodiles
  16 bullfrogs
  A big kobold (D:8)
  A wyvern skeleton (D:11)
  5 scorpions
  18 killer bees
  7 wights
  8 howler monkeys
  8 crimson imps
  A quasit (D:7)
  A bullfrog skeleton (D:8)
  3 hounds
  9 orc wizards
  5 centaur zombies
  An orc priest (D:11)
  2 centaur skeletons
  6 jellies
  3 iguanas
  2 worker ants
  A hound zombie (D:9)
  A hound skeleton (D:8)
  2 worker ant zombies
  3 gnolls (D:10)
  2 river rats (D:9)
  7 adders
  A shadow imp (D:11)
  2 oozes
  A worm zombie (D:8)
  An adder skeleton (D:8)
  2 worms (D:2)
  A dart slug (D:4)
  5 leopard geckos
  27 orcs
  4 ball pythons
  9 giant cockroaches
  9 hobgoblins
  8 jackals
  7 quokkas
  15 bats
  5 frilled lizards
  8 goblins
  12 kobolds
  A leopard gecko zombie (D:6)
  A quokka skeleton (D:4)
  17 rats
408 creatures vanquished.

Vanquished Creatures (others)
  2 slaves (D:9)
  A river rat (D:9)
  21 fungi
  23 plants
47 creatures vanquished.

Grand Total: 455 creatures vanquished

Notes
Turn   | Place    | Note
-------+----------+-------------------------------------------
     0 | D:1      | Chiseanne the Demonspawn Hunter began the quest for the Orb.
     0 | D:1      | Reached XP level 1. HP: 16/16 MP: 1/1
   574 | D:1      | Gained mutation: You are slightly more attuned to the shadows. [demonic ancestry]
   574 | D:1      | Reached XP level 2. HP: 19/23 MP: 2/2
  1372 | D:1      | Reached XP level 3. HP: 29/29 MP: 3/3
  2200 | D:2      | Found a shimmering altar of Xom.
  2200 | D:2      | Found a shimmering altar of Xom.
  2201 | D:2      | Found a shimmering altar of Xom.
  2203 | D:2      | Found a shimmering altar of Xom.
  2461 | D:3      | Gained mutation: You regenerate a little health from kills. [demonic ancestry]
  2461 | D:3      | Reached XP level 4. HP: 37/37 MP: 4/4
  2798 | D:3      | Found a white marble altar of Elyvilon.
  2799 | D:3      | Found an iron altar of Okawaru.
  2841 | D:3      | Found a hazy altar of Hepliaklqana.
  2841 | D:3      | Found a deep blue altar of Sif Muna.
  2892 | D:4      | Found a staircase to the Ecumenical Temple.
  2904 | Temple   | Entered the Ecumenical Temple
  2932 | Temple   | Became a worshipper of Gozag Ym Sagoz the Greedy
  2993 | D:4      | Reached skill level 5 in Fighting
  3241 | D:4      | Reached skill level 1 in Stealth
  3284 | D:4      | Noticed HopefulHyena's ghost (amateur OpWn)
  3485 | D:4      | Reached XP level 5. HP: 43/44 MP: 5/5
  3553 | D:4      | Noticed Sigmund
  3585 | D:4      | Killed Sigmund
  3585 | D:4      | Reached skill level 2 in Stealth
  3585 | D:4      | Gained mutation: You are surrounded by a mild repulsion field. (EV +2) [demonic ancestry]
  3585 | D:4      | Reached XP level 6. HP: 50/52 MP: 6/6
  4058 | D:5      | Entered Level 5 of the Dungeon
  4100 | D:5      | Noticed an ice beast
  4125 | D:5      | Killed an ice beast
  4125 | D:5      | Reached skill level 1 in Short Blades
  4125 | D:5      | Reached skill level 3 in Stealth
  4501 | D:5      | Got a heavily runed chain mail
  4516 | D:5      | Identified the cursed +1 chain mail "Nagebb" {rF- Str+4 Int+2} (You found it on level 5 of the Dungeon)
  4546 | D:5      | Noticed an ice beast
  4565 | D:5      | Gained mutation: You have sharp toenails. [demonic ancestry]
  4565 | D:5      | Reached XP level 7. HP: 42/58 MP: 7/7
  4738 | D:5      | Reached skill level 4 in Stealth
  4846 | D:5      | Found a burning altar of Makhleb.
  4849 | D:5      | Found a shimmering altar of Xom.
  4852 | D:5      | Found an ancient bone altar of Kikubaaqudgha.
  4978 | D:5      | Learned a level 2 spell: Blink
  4981 | D:5      | Learned a level 2 spell: Repel Missiles
  5545 | D:6      | Reached XP level 8. HP: 18/64 MP: 8/8
  5851 | D:6      | Reached skill level 5 in Stealth
  6462 | D:7      | Noticed a hippogriff
  6479 | D:7      | Killed a hippogriff
  7007 | D:7      | Found a radiant altar of Vehumet.
  7049 | D:7      | Reached skill level 5 in Dodging
  7049 | D:7      | Reached skill level 6 in Stealth
  7056 | D:7      | Found a snail-covered altar of Cheibriados.
  7615 | D:7      | Noticed Joseph
  7672 | D:7      | Killed Joseph
  7672 | D:7      | Reached skill level 5 in Short Blades
  7672 | D:7      | Reached XP level 9. HP: 20/69 MP: 9/9
  8054 | D:8      | Noticed a wolf spider
  8304 | D:9      | Noticed Prince Ribbit
  8389 | D:8      | Reached skill level 7 in Stealth
  8672 | D:8      | Found a sand-covered staircase.
  8749 | D:8      | Bought a scroll of holy word for 127 gold pieces
  8749 | D:8      | Bought a scroll of identify for 34 gold pieces
  8749 | D:8      | Bought a scroll of identify for 34 gold pieces
  8749 | D:8      | Bought a scroll of enchant weapon for 127 gold pieces
  8749 | D:8      | Bought 3 scrolls of teleportation for 153 gold pieces
  8749 | D:8      | Bought a scroll of identify for 34 gold pieces
  9495 | D:9      | Reached skill level 8 in Stealth
  9495 | D:9      | Reached skill level 1 in Spellcasting
  9749 | D:9      | Noticed a troll
  9977 | D:9      | Found a staircase to the Lair.
 10041 | D:9      | Reached skill level 1 in Translocations
 10056 | D:9      | Gained mutation: You are surrounded by a moderate repulsion field. (EV +3) [demonic ancestry]
 10056 | D:9      | Reached XP level 10. HP: 68/76 MP: 10/12
 10115 | D:9      | Killed Prince Ribbit
 10182 | D:9      | Noticed a hill giant
 10872 | D:9      | Found a shattered altar of Ashenzari.
 11079 | D:9      | Killed a hill giant
 11227 | D:9      | Noticed Pikel
 11278 | D:9      | Killed Pikel
 11395 | D:9      | Reached skill level 9 in Stealth
 11595 | D:9      | Found a sacrificial altar of Ru.
 11661 | D:10     | Entered Level 10 of the Dungeon
 11695 | D:10     | Found a large runed door.
 11696 | D:10     | Found a large runed door.
 12540 | D:10     | Noticed a hill giant
 12563 | D:10     | Gained mutation: You are surrounded by a strong repulsion field. (EV +4, RMsl) [demonic ancestry]
 12563 | D:10     | Reached XP level 11. HP: 51/81 MP: 17/17
 12636 | D:10     | Killed a hill giant
 13233 | D:10     | Reached skill level 5 in Spellcasting
 13421 | D:10     | Bought a pair of glowing boots for 220 gold pieces
 13421 | D:10     | Bought a glowing cloak for 220 gold pieces
 13464 | D:10     | Noticed a sphinx
 13469 | D:10     | Found a blossoming altar of Fedhas.
 13478 | D:10     | Noticed a deep elf mage
 13578 | D:11     | Noticed a hill giant
 13598 | D:10     | Killed a hill giant
 13598 | D:10     | Reached skill level 1 in Charms
 13833 | D:11     | Noticed Snorg
 13835 | D:11     | Killed Snorg
 13835 | D:11     | Reached skill level 10 in Stealth
 13877 | D:11     | Noticed a hill giant
 13883 | D:11     | Killed a hill giant
 13891 | D:11     | Learned a level 3 spell: Confuse
 13924 | D:11     | Noticed a hill giant
 13942 | D:11     | Killed a hill giant
 14088 | D:11     | Reached skill level 1 in Hexes
 15031 | D:11     | Noticed a skeletal warrior
 15547 | Lair:1   | Entered Level 1 of the Lair of Beasts
 15889 | Lair:1   | Reached XP level 12. HP: 25/88 MP: 16/21
 16333 | Lair:1   | Learned a level 2 spell: Slow
 17276 | Lair:1   | Reached skill level 11 in Stealth
 17520 | Lair:2   | Noticed a seven-headed hydra
 17526 | Lair:2   | Killed a seven-headed hydra
 18056 | Lair:2   | Noticed an eight-headed hydra
 18101 | Lair:2   | Killed an eight-headed hydra
 18101 | Lair:2   | Reached skill level 10 in Dodging
 18301 | Lair:2   | Got a smoking morningstar
 18302 | Lair:2   | Identified the cursed +0 morningstar of Infinity {vamp, rPois rC+} (You found it on level 2 of the Lair of Beasts)
 18444 | Lair:2   | Reached skill level 5 in Hexes
 19184 | Lair:3   | Found a staircase to the Snake Pit.
 19447 | Lair:3   | Noticed a catoblepas
 19819 | Lair:3   | Killed a catoblepas
 20107 | Lair:3   | Noticed a five-headed hydra
 20717 | Lair:3   | Killed a five-headed hydra
 21107 | D:9      | Bought a faintly humming robe for 153 gold pieces
 21107 | D:9      | Bought a glowing helmet for 283 gold pieces
 21107 | D:9      | Bought a slimy robe for 153 gold pieces
 21109 | D:9      | Identified the +1 robe of Cowardice {+Fly} (You bought it in a shop on level 9 of the Dungeon)
 21112 | D:9      | Identified the +2 robe of Hepliaklqana's Delight {rF++ MP-9 Str+4} (You bought it in a shop on level 9 of the Dungeon)
 21142 | D:9      | Learned a level 2 spell: Swiftness
 21220 | Lair:4   | Noticed a seven-headed hydra
 21224 | Lair:4   | Killed a seven-headed hydra
 21224 | Lair:4   | Gained mutation: You have razor-sharp toenails. [demonic ancestry]
 21224 | Lair:4   | Reached XP level 13. HP: 93/93 MP: 16/25
 21411 | Lair:4   | Noticed Nergalle
 21430 | Lair:4   | Killed Nergalle
 22398 | Lair:5   | Reached skill level 1 in Evocations
 22741 | Lair:5   | Noticed Josephine
 23060 | Lair:6   | Entered Level 6 of the Lair of Beasts
 23198 | Lair:6   | Reached skill level 12 in Stealth
 23363 | Lair:6   | Found a runed door.
 23364 | Lair:6   | Found a viscous altar of Jiyva.
 23365 | Lair:6   | Noticed an acid blob
 23366 | Lair:6   | Found a staircase to the Slime Pits.
 23375 | Lair:6   | HP: 1/93 [five-headed hydra (14)]
 23378 | Lair:6   | Slain by an elephant

Skill      XL: |  1  2  3  4  5  6  7  8  9 10 11 12 13 |
---------------+----------------------------------------+-----
Fighting       | 3 4 5 6 |  6.0
Stealth        | 1 2 3 4 6 8 9 10 11 12 | 12.0
Short Blades   | 1 3 5 6 |  6.2
Dodging        | 2 3 5 6 8 9 10 | 10.8
Spellcasting   | 1 4 6 8 |  8.7
Translocations | 1 4 |  4.8
Charms         | 2 3 |  3.0
Hexes          | 2 6 7 |  7.0
Evocations     | 2 |  2.1
Throwing       | |  3.6

Action                   |  1- 3 |  4- 6 |  7- 9 | 10-12 | 13-15 || total
-------------------------+-------+-------+-------+-------+-------++-------
Melee: Short sword       |   154 |   184 |   384 |       |       ||   722
       Kick              |       |       |   153 |   155 |       ||   308
       Dagger            |       |       |   226 |  1171 |   179 ||  1576
       Whip              |       |       |       |     7 |       ||     7
       Flail             |       |       |       |    27 |       ||    27
 Fire: Hunting sling     |       |       |       |     7 |       ||     7
Throw: Javelin           |       |       |    24 |    57 |     5 ||    86
       Throwing net      |       |       |     4 |     3 |       ||     7
       Stone             |       |       |       |     5 |       ||     5
       Tomahawk          |       |       |       |    36 |       ||    36
 Cast: Blink             |       |       |       |    33 |    17 ||    50
       Confuse           |       |       |       |    45 |    21 ||    66
       Slow              |       |       |       |    28 |    15 ||    43
Invok: Call Merchant     |       |       |     1 |     2 |       ||     3
Evoke: Wand              |     1 |     3 |    20 |    13 |     6 ||    43
       Box of beasts     |       |       |       |       |     1 ||     1
  Use: Scroll            |     6 |     6 |    12 |    20 |     4 ||    48
       Potion            |       |     4 |     7 |     3 |     2 ||    16
 Stab: Sleeping          |    13 |     4 |    22 |    39 |    14 ||    92
       Distracted        |     1 |       |     1 |    10 |     2 ||    14
       Held in net/web   |       |       |     4 |       |       ||     4
       Confused          |       |       |       |    16 |     8 ||    24
  Eat: Chunk             |     5 |     2 |       |       |       ||     7
       Fruit             |       |     2 |       |    18 |     1 ||    21
       Pizza             |       |     1 |     2 |     1 |     1 ||     5
       Royal jelly       |       |     1 |     2 |     1 |       ||     4
       Bread ration      |       |     1 |     1 |     5 |       ||     7
       Beef jerky        |       |       |     1 |     1 |     1 ||     3
Armor: Leather armour    |    51 |    19 |       |       |       ||    70
       Skin              |       |    15 |    31 |       |       ||    46
       Robe              |       |    25 |   114 |   118 |    15 ||   272
Dodge: Dodged            |   110 |   102 |   421 |   877 |   180 ||  1690
       Deflected         |       |       |       |     1 |       ||     1
